 Dungeon Crawl Stone Soup version 0.20.1-1-g8b1a95d66d (webtiles) character file.

200029 Peloso the Peltast (level 17, 0/161 HPs)
             Began as a Minotaur Fighter on Nov 15, 2017.
             Was the Champion of Okawaru.
             Succumbed to a wolf spider's poison
             ... on level 2 of the Spider Nest.
             The game lasted 01:52:45 (28799 turns).

Peloso the Peltast (Minotaur Fighter)              Turns: 28799, Time: 01:52:46

Health: 0/161      AC: 23    Str: 30    XL:     17   Next: 86%
Magic:  17/17      EV: 16    Int:  5    God:    Okawaru [******]
Gold:   1098       SH: 27    Dex: 19    Spells: 16/16 levels left

rFire    . . .     SeeInvis .   C - +8 demon blade "Bloodbane" {slice, *Rage +Rage Stlth-}
rCold    + . .     Gourm    .   c - +2 large shield {rC+}
rNeg     . . .     Faith    .   a - +4 chain mail of Egalitarianism {+Inv rCorr Str+3}
rPois    +         Spirit   .   l - +0 hat
rElec    .         Reflect  .   (no cloak)
rCorr    +         Harm     .   J - +1 pair of gloves {Dex+3}
MR       +....     Rnd*Rage +   i - +2 pair of boots {run}
Stlth    ..........             m - amulet of regeneration
Regen    0.8/turn               o - +5 ring of dexterity
MPRegen  0.2/turn               I - ring of poison resistance

@: lethally poisoned (0 -> -3), berserk cooldown, very slightly contaminated,
slowed, very slow
A: retaliatory headbutt, horns 2
}: 1/15 runes: decaying
a: Heroism, Finesse, Renounce Religion, Evoke Berserk Rage, Evoke Invisibility


You were on level 2 of the Spider Nest.
You worshipped Okawaru.
Okawaru was exalted by your worship.
You were hungry.

You visited 6 branches of the dungeon, and saw 30 of its levels.
You also visited: Ossuary and Ice Cave.

You collected 2617 gold pieces.
You spent 1519 gold pieces at shops.

Inventory:

Hand Weapons
 e - a +0 long sword of holy wrath
 C - the +8 demon blade "Bloodbane" (weapon) {slice, *Rage +Rage Stlth-}
   (You found it in an ossuary)

   It inflicts extra damage upon your enemies.
   It lets you go berserk.
   It may make you go berserk in combat.
   It makes you less stealthy.
 N - the +4 long sword "Lijeixur" {drain, rElec rF+ Int+3 Dex+2}
   (You found it on level 14 of the Dungeon)

   A truly terrible weapon, it drains the life of those it strikes.
   It affects your intelligence (+3).
   It affects your dexterity (+2).
   It protects you from fire.
   It insulates you from electricity.
Armour
 a - the +4 chain mail of Egalitarianism (worn) {+Inv rCorr Str+3}
   (You bought it in a shop on level 13 of the Dungeon)

   It affects your strength (+3).
   It lets you turn invisible.
   It protects you from acid and corrosion.
 c - a +2 large shield of cold resistance (worn)
 i - a +2 pair of boots of running (worn)
 l - a +0 hat (worn)
 G - a +1 pair of boots of flying
 J - a +1 pair of gloves of dexterity (worn)
Jewellery
 m - an amulet of regeneration (around neck)
 o - a +5 ring of dexterity (left hand)
 I - a ring of poison resistance (right hand)
 P - an uncursed ring of see invisible
 Z - an uncursed ring of protection from magic
Wands
 k - a wand of flame (22/48)
 z - a wand of digging (11/24)
Scrolls
 r - 3 scrolls of blinking
 s - a scroll of fog
 u - 2 scrolls of identify
 F - 2 scrolls of recharging
 H - 6 scrolls of teleportation
 K - 6 scrolls of fear
 T - 9 scrolls of remove curse
Potions
 d - 2 potions of might
 j - 2 potions of invisibility
 n - 4 potions of heal wounds
 q - 18 potions of curing
 t - 2 potions of berserk rage
 v - 8 potions of haste
 V - 2 potions of resistance {unknown}
 X - 2 potions of agility
 Y - 2 potions of ambrosia {unknown}
Books
 p - a book of Misfortune

   Spells                             Type                      Level
   a - Confusing Touch                Hexes                        1
   b - Confuse                        Hexes                        3
   c - Gell's Gravitas                Translocation                3
   d - Petrify                        Transmutation/Earth          4
   e - Metabolic Englaciation         Hexes/Ice                    5
   f - Yara's Violent Unravelling     Hexes/Transmutation          5
Miscellaneous
 b - a phial of floods
Comestibles
 f - 14 bread rations
 g - 16 meat rations
 h - 16 royal jellies
 w - 13 fruits


   Skills:
 + Level 17.3 Fighting
 + Level 19.7 Long Blades
 + Level 14.1 Armour
 + Level 10.4 Dodging
 + Level 2.9 Stealth
 + Level 20.1 Shields
 + Level 0.6 Invocations
 + Level 1.5 Evocations


You had 16 spell levels left.
You didn't know any spells.

Dungeon Overview and Level Annotations

Branches:
Dungeon (15/15)            Temple (1/1) D:7            Lair (6/6) D:9
  Swamp (4/4) Lair:4       Spider (2/4) Lair:2        Slime (0/5) Lair:5
    Orc (2/2) D:9             Elf (0/3) Orc:2        Vaults (0/5) D:14
 Depths (0/5) D:15

Altars:
Ashenzari
Cheibriados
Dithmenos
Elyvilon
Fedhas
Gozag
Hepliaklqana
Kikubaaqudgha
Makhleb
Nemelex Xobeh
Okawaru
Qazlal
Ru
Sif Muna
Trog
Uskayaw
Vehumet
Xom
The Shining One
Beogh
Jiyva

Shops:
D:7 *   D:10 *!*   D:13 *   Orc:2 ??*:

Portals:
Trove: D:12 (give 18 scrolls of identify)

Annotations:
Spider:2 Donald


Innate Abilities, Weirdness & Mutations

You reflexively headbutt those who attack you in melee.
You have a pair of horns on your head.


Message History

The redback bites you but does no damage.
The wolf spider hits you but does no damage.
The wolf spider bites you but does no damage.
The redback bites you but does no damage.
Donald hits you with a broad axe of flaming!
* * * LOW HITPOINT WARNING * * *
Donald burns you.
* * * LOW HITPOINT WARNING * * *
The redback bites you but does no damage.
You can move again.
Blink to where?
Press: ? - help, Dir - move target cursor You are very lightly contaminated with residual magic.
As you read the scroll of blinking, it crumbles to dust.
* * * LOW HITPOINT WARNING * * *
You feel sick.
Donald says, "There's a spider on your neck!"
Donald says, "Oh, hey!
I could use a new shield.
Have you got any spares?"
Found a bread ration and a scroll of enchant armour.
You die...

..............................
..>.....................
........................
........................
..^#......(.†...#....%..
........................
##.........s.s........#.
..........s............
.^........#.@.@.......
............^........
....................
#...................
.#..................
##........##....... #...###...
#...... ..? .#....


You could see Donald, a wolf spider and 2 redbacks.

Vanquished Creatures
  Arachne (Spider:1)
  2 tentacled monstrosities (Swamp:4)
  A thorn hunter (Swamp:4)
  An orc warlord (Orc:2)
  2 stone giants
  An entropy weaver (Spider:1)
  2 very ugly things (Swamp:4)
  The ghost of Birungi the Severer, a journeyman MiBe of Trog (D:12)
  An ettin (Orc:2)
  2 green deaths (Swamp:4)
  Josephine (Lair:4)
  21 hydras
  The ghost of TZer0 the Slicer, a journeyman VSBe of Trog (Lair:3)
  2 ice dragons (D:15)
  A merfolk avatar (Lair:6)
  A ghost crab (Swamp:2)
  A centaur warrior (D:13)
  2 ogre magi
  12 two-headed ogres
  11 alligators
  16 death yaks
  4 orc high priests (Orc:2)
  4 spriggans
  2 unseen horrors
  A sea snake (Lair:6)
  11 skeletal warriors
  7 swamp dragons
  The ghost of NullDivider the Fighter, a novice FeBe of Trog (Orc:1)
  A deep elf archer (D:14)
  A spriggan druid (Swamp:2)
  2 harpies (Lair:6)
  6 orb spiders
  2 necromancers
  2 shambling mangroves
  16 ugly things
  5 deep elf magi
  2 wolf spider zombies (D:15)
  4 orc sorcerers (Orc:2)
  4 orc knights
  16 wolf spiders
  33 slime creatures
  3 manticores
  2 moths of wrath
  6 elephants
  An ice statue (IceCv)
  4 black mambas
  4 centaur zombies
  28 spiny frogs
  2 torpor snails
  3 orange demons (Swamp:4)
  3 gargoyles
  A centaur skeleton (D:14)
  10 freezing wraiths (IceCv)
  4 rime drakes (Lair:6)
  9 komodo dragons
  4 yaktaurs (D:15)
  A kobold demonologist (D:14)
  6 demonic crawlers
  An efreet (D:14)
  6 trolls
  A queen bee (D:10)
  17 jumping spiders
  A harpy zombie (D:15)
  9 polar bears
  3 tyrant leeches
  14 hornets
  Prince Ribbit (D:6)
  7 bog bodies
  A harpy skeleton (D:14)
  Sigmund (D:6)
  A meliai zombie (D:15)
  19 blink frogs
  8 hippogriffs
  6 shadows
  36 redbacks
  13 tarantellas
  A water elemental (D:11)
  5 wraiths (Lair:4)
  The ghost of toidi the Covered, an amateur MiFi of Qazlal (D:3)
  4 wyverns
  The ghost of Safer the Cudgeler, an amateur MiBe of Trog (D:4)
  A golden eye (shapeshifter) (D:13)
  2 basilisks
  17 yaks
  26 vampire mosquitoes
  2 large abominations (Swamp:4)
  A death yak simulacrum (IceCv)
  Menkaure (D:6)
  A steam dragon (D:10)
  13 insubstantial wisps
  3 wargs
  20 swamp worms
  2 acid dragons
  Edmund (D:5)
  19 water moccasins
  8 porcupines
  5 swamp drakes
  Duvessa (D:7)
  3 sky beasts
  10 ice beasts
  2 elephant zombies (Lair:5)
  44 orc warriors
  An eye of draining (shapeshifter) (D:14)
  A phantom (D:9)
  18 centaurs
  15 wolves
  15 ogres
  15 crocodiles
  6 big kobolds
  The ghost of Cral the Conjurer, an amateur DEFE (D:5)
  16 bullfrogs
  3 wyvern skeletons (D:14)
  A hornet simulacrum (D:15)
  3 scorpions
  A water moccasin zombie (Ossuary)
  Dowan (D:7)
  A small abomination (Swamp:4)
  18 killer bees (D:10)
  13 wights
  16 electric eels
  3 howler monkeys
  6 crimson imps
  A bullfrog zombie (D:9)
  5 hounds
  A quasit (D:9)
  5 draconian simulacra (IceCv)
  2 basilisk zombies (Lair:5)
  34 orc priests
  4 jellies
  25 orc wizards
  Crazy Yiuf (D:3)
  5 bullfrog skeletons
  Ijyb (D:3)
  2 iguanas
  Natasha (twice) (D:3)
  13 hell rats (Lair:5)
  2 spriggan simulacra (IceCv)
  4 troll simulacra (IceCv)
  8 worker ants
  2 polar bear simulacra (IceCv)
  A wolf simulacrum (IceCv)
  A killer bee zombie (D:5)
  2 big kobold zombies (Ossuary)
  3 centaur simulacra (IceCv)
  3 hound zombies
  A hound skeleton (D:4)
  2 mummies (Ossuary)
  A worker ant zombie (D:6)
  12 adders
  5 naga simulacra (IceCv)
  An ogre simulacrum (IceCv)
  4 shadow imps
  24 white imps
  An adder skeleton (D:5)
  An adder zombie (Ossuary)
  A worm (D:2)
  10 leopard geckos
  113 orcs
  2 ball pythons
  6 giant cockroaches
  9 goblins
  8 hobgoblins
  10 jackals
  4 quokkas
  8 bats
  3 frilled lizards
  5 gnoll zombies (Ossuary)
  2 hobgoblin zombies (Ossuary)
  31 kobolds
  7 kobold zombies (Ossuary)
  6 orc zombies (Ossuary)
  A quokka zombie (D:5)
  8 rats
  A briar patch (Swamp:4)
  2 plants
1207 creatures vanquished.

Vanquished Creatures (collateral kills)
  2 fungi (Lair:5)
2 creatures vanquished.

Vanquished Creatures (others)
  An orc (Orc:2)
  A fungus (Lair:3)
  2 plants (Lair:6)
4 creatures vanquished.

Grand Total: 1213 creatures vanquished

Notes
Turn   | Place    | Note
-------+----------+-------------------------------------------
     0 | D:1      | Peloso the Minotaur Fighter began the quest for the Orb.
     0 | D:1      | Reached XP level 1. HP: 19/19 MP: 0/0
    94 | D:1      | Reached skill level 4 in Shields
   118 | D:1      | Identified a +2 pair of boots of running (You found it on level 1 of the Dungeon)
   146 | D:1      | Reached XP level 2. HP: 27/27 MP: 1/1
   624 | D:2      | Reached XP level 3. HP: 33/33 MP: 2/2
   981 | D:2      | Reached XP level 4. HP: 40/40 MP: 3/3
  1304 | D:3      | Noticed Natasha
  1315 | D:3      | Killed Natasha
  1336 | D:3      | Found a runed door.
  1440 | D:3      | Noticed Crazy Yiuf
  1445 | D:3      | Killed Crazy Yiuf
  1445 | D:3      | Reached XP level 5. HP: 46/46 MP: 4/4
  1469 | D:3      | Noticed Ijyb
  1488 | D:3      | Killed Ijyb
  1493 | D:3      | Noticed toidi's ghost (amateur MiFi)
  1892 | D:4      | Noticed Safer's ghost (amateur MiBe)
  1914 | D:4      | Killed Safer's ghost
  1914 | D:4      | Reached skill level 5 in Long Blades
  1914 | D:4      | Reached skill level 1 in Dodging
  1914 | D:4      | Reached skill level 5 in Shields
  1914 | D:4      | Reached XP level 6. HP: 6/53 MP: 5/5
  2303 | D:4      | Found a burning altar of Makhleb.
  2468 | D:4      | Found a hazy altar of Hepliaklqana.
  2475 | D:4      | Reached skill level 5 in Armour
  2520 | D:4      | Got a scorched chain mail
  2531 | D:4      | Identified the +1 chain mail "Fupebura" {rN+ MR+ Int-5 Dex+4} (You found it on level 4 of the Dungeon)
  2531 | D:4      | Lost intelligence.
  2638 | D:5      | Entered Level 5 of the Dungeon
  2795 | D:5      | Noticed Edmund
  2808 | D:5      | Killed Edmund
  2808 | D:5      | Reached XP level 7. HP: 43/60 MP: 6/6
  2816 | D:5      | Noticed Cral's ghost (amateur DEFE)
  2837 | D:5      | Found a sand-covered staircase.
  2841 | Ossuary  | Entered an ossuary
  3036 | Ossuary  | Reached skill level 5 in Fighting
  3148 | D:5      | Killed Cral's ghost
  3634 | D:3      | Killed toidi's ghost
  3634 | D:3      | Reached XP level 8. HP: 59/69 MP: 7/7
  3803 | D:3      | Noticed Natasha
  3813 | D:3      | Killed Natasha
  4009 | D:6      | Noticed Menkaure
  4021 | D:6      | Killed Menkaure
  4358 | D:6      | Noticed a dagger
  4360 | D:6      | Noticed an enchanted dagger
  4361 | D:6      | Found a hide-covered altar of Uskayaw.
  4377 | D:6      | Noticed Sigmund
  4391 | D:6      | Reached skill level 6 in Shields
  4394 | D:6      | Killed Sigmund
  4395 | D:6      | Reached skill level 10 in Long Blades
  4437 | D:6      | Reached XP level 9. HP: 78/78 MP: 8/8
  4634 | D:6      | Noticed Prince Ribbit
  4639 | D:6      | Killed Prince Ribbit
  4961 | D:7      | Reached skill level 1 in Stealth
  5197 | D:7      | Found a staircase to the Ecumenical Temple.
  5215 | Temple   | Entered the Ecumenical Temple
  5267 | Temple   | Became a worshipper of Warmaster Okawaru
  5284 | D:7      | Found Kayst's General Store.
  5288 | D:7      | Bought a +0 pair of gloves of dexterity for 138 gold pieces
  5302 | D:7      | Reached skill level 7 in Shields
  5510 | D:7      | Noticed Dowan
  5513 | D:7      | Killed Dowan
  5514 | D:7      | Noticed Duvessa
  5519 | D:7      | Killed Duvessa
  5803 | D:8      | Reached XP level 10. HP: 88/88 MP: 9/9
  5871 | D:8      | Got a pitted short sword
  5872 | D:8      | Identified the +1 short sword of Orulidile {pierce, rF- rN+ MR+ Str+2} (You found it on level 8 of the Dungeon)
  5903 | D:8      | Reached * piety under Okawaru
  6517 | D:9      | Noticed a two-headed ogre
  6519 | D:9      | Noticed a two-headed ogre
  6534 | D:9      | Killed a two-headed ogre
  6534 | D:9      | Reached ** piety under Okawaru
  6534 | D:9      | Reached skill level 8 in Shields
  6535 | D:9      | Killed a two-headed ogre
  6755 | D:9      | Found a snail-covered altar of Cheibriados.
  6776 | D:9      | Found a staircase to the Lair.
  6777 | D:9      | Noticed a death yak
  6778 | D:9      | Noticed a death yak
  6779 | D:9      | Noticed a death yak
  6780 | D:9      | Noticed a death yak
  6780 | D:9      | Noticed a death yak
  6781 | D:9      | Noticed a death yak
  6781 | D:9      | Noticed a death yak
  6784 | D:9      | Noticed a death yak
  6784 | D:9      | Killed a death yak
  6787 | D:9      | Noticed a death yak
  6792 | D:9      | Killed a death yak
  6792 | D:9      | Reached *** piety under Okawaru
  6792 | D:9      | Reached skill level 9 in Shields
  6796 | D:9      | Killed a death yak
  6796 | D:9      | Reached XP level 11. HP: 97/97 MP: 8/10
  6800 | D:9      | Killed a death yak
  6800 | D:9      | Reached **** piety under Okawaru
  6803 | D:9      | Killed a death yak
  6805 | D:9      | Killed a death yak
  6805 | D:9      | Reached skill level 5 in Dodging
  6811 | D:9      | Killed a death yak
  6815 | D:9      | Killed a death yak
  6815 | D:9      | Received a gift from Okawaru
  6815 | D:9      | Reached ***** piety under Okawaru
  6818 | D:9      | Killed a death yak
  6935 | D:9      | Found a stormy altar of Qazlal.
  6991 | D:9      | Found an ancient bone altar of Kikubaaqudgha.
  6992 | D:9      | Found a sacrificial altar of Ru.
  7030 | D:9      | Reached skill level 10 in Shields
  7196 | D:9      | Found a staircase to the Orcish Mines.
  7205 | D:9      | Found a roughly hewn altar of Beogh.
  7293 | D:9      | Found an iron altar of Okawaru.
  7564 | D:10     | Entered Level 10 of the Dungeon
  7567 | D:10     | Found a shimmering altar of Xom.
  7739 | D:10     | Found Kaapyn's Distillery.
  7753 | D:10     | Bought a potion of flight for 36 gold pieces
  7753 | D:10     | Bought a potion of heal wounds for 60 gold pieces
  7753 | D:10     | Found Lotoer's Assorted Antiques.
  7761 | D:10     | Bought a faintly glowing bronze ring for 150 gold pieces
  7767 | D:10     | Identified the ring "Ruosifeu" {rElec rF++ EV+3 Slay-3} (You bought it in a shop on level 10 of the Dungeon)
  7782 | D:10     | Bought a scroll labeled SEBBANWOJO for 30 gold pieces
  7782 | D:10     | Bought a scroll labeled SEOGHE MEIT for 30 gold pieces
  7967 | D:10     | Found Goydi's Assorted Antiques.
  7975 | D:10     | Bought 2 fuming clear potions for 54 gold pieces
  7975 | D:10     | Bought a murky brown potion for 27 gold pieces
  8083 | D:10     | Reached skill level 10 in Fighting
  8176 | D:10     | Reached skill level 15 in Long Blades
  8482 | Lair:1   | Entered Level 1 of the Lair of Beasts
  8678 | Lair:1   | Received a gift from Okawaru
  8789 | Lair:1   | Reached XP level 12. HP: 88/107 MP: 11/11
  9732 | D:11     | Reached skill level 11 in Shields
 10500 | D:12     | Found a shimmering altar of Xom.
 10528 | D:12     | Noticed Birungi's ghost (journeyman MiBe)
 10542 | D:12     | Killed Birungi's ghost
 10745 | D:12     | Found a portal to a secret trove of treasure.
 10826 | D:12     | Received a gift from Okawaru
 10831 | D:12     | Got a faintly glowing scale mail {god gift}
 10842 | D:12     | Identified the +4 scale mail of Dogma {Int+4 Dex+3} (Okawaru gifted it to you on level 12 of the Dungeon)
 11236 | D:13     | Noticed a six-headed hydra
 11246 | D:13     | Killed a ten-headed hydra
 11246 | D:13     | Reached skill level 10 in Armour
 11276 | D:13     | Found Ifiybrevuh's General Store.
 11282 | D:13     | Noticed a centaur warrior
 11290 | D:13     | Killed a centaur warrior
 11302 | D:13     | Bought a scroll of identify for 30 gold pieces
 11411 | D:13     | Noticed a four-headed hydra
 11421 | D:13     | Killed a six-headed hydra
 11492 | D:13     | Reached skill level 12 in Shields
 11516 | D:13     | Reached skill level 1 in Evocations
 11516 | D:13     | Reached XP level 13. HP: 40/116 MP: 12/12
 12080 | Orc:1    | Entered Level 1 of the Orcish Mines
 12313 | Orc:2    | Entered Level 2 of the Orcish Mines
 12366 | Orc:2    | Received a gift from Okawaru
 12431 | Orc:1    | Noticed NullDivider's ghost (novice FeBe)
 12438 | Orc:1    | Noticed a stone giant
 12453 | Orc:1    | Killed a stone giant
 12457 | Orc:1    | Killed NullDivider's ghost
 12676 | Orc:2    | Found a roughly hewn altar of Beogh.
 12889 | Orc:2    | Noticed an orc warlord
 13093 | Orc:2    | Killed an orc warlord
 13093 | Orc:2    | Reached skill level 13 in Shields
 13179 | Orc:2    | Found a roughly hewn altar of Beogh.
 13578 | Orc:2    | Found Ackeonwar's Magic Scroll Boutique.
 13607 | Orc:2    | Bought a scroll of identify for 24 gold pieces
 13607 | Orc:2    | Bought a scroll of identify for 24 gold pieces
 13607 | Orc:2    | Bought a scroll of identify for 24 gold pieces
 13694 | Orc:2    | Found Yfy Omet's Magic Scroll Shoppe.
 13731 | Orc:2    | Bought a scroll of identify for 34 gold pieces
 13731 | Orc:2    | Bought a scroll of identify for 34 gold pieces
 13731 | Orc:2    | Bought a scroll of identify for 34 gold pieces
 13731 | Orc:2    | Bought a scroll of identify for 34 gold pieces
 14000 | Orc:2    | Noticed a stone giant
 14010 | Orc:2    | Killed a stone giant
 14116 | Orc:2    | Reached ****** piety under Okawaru
 14402 | Orc:2    | Received a gift from Okawaru
 14418 | Orc:2    | Identified the Tome of the New World
 14516 | Orc:2    | Found a staircase to the Elven Halls.
 14638 | Orc:2    | Noticed an ettin
 14645 | Orc:2    | Killed an ettin
 14645 | Orc:2    | Reached XP level 14. HP: 127/127 MP: 11/14
 14661 | Orc:2    | Found Tuh Wuf's Book Emporium.
 14674 | Orc:2    | Found Zeulauph's Assorted Antiques.
 15138 | D:14     | Got a warped long sword
 15139 | D:14     | Identified the +4 long sword "Lijeixur" {drain, rElec rF+ Int+3 Dex+2} (You found it on level 14 of the Dungeon)
 15841 | Lair:2   | Reached skill level 14 in Shields
 16047 | Lair:2   | Found a hole to the Spider Nest.
 16628 | D:13     | Bought the +4 chain mail of Egalitarianism {+Inv rCorr Str+3} for 756 gold pieces
 16963 | D:14     | Found a gate to the Vaults.
 17218 | D:15     | Entered Level 15 of the Dungeon
 17237 | D:15     | Received a gift from Okawaru
 17398 | D:15     | Found a staircase to the Depths.
 17504 | D:15     | Reached XP level 15. HP: 59/138 MP: 7/15
 17710 | D:15     | Reached skill level 15 in Shields
 17775 | D:15     | Found a shattered altar of Ashenzari.
 18138 | D:15     | Received a gift from Okawaru
 18428 | Lair:3   | Found a frozen archway.
 18473 | IceCv    | Entered an ice cave
 18621 | IceCv    | Received a gift from Okawaru
 18688 | IceCv    | Found an ancient bone altar of Kikubaaqudgha.
 19215 | Lair:3   | Noticed TZer0's ghost (journeyman VSBe)
 19221 | Lair:3   | Killed TZer0's ghost
 19823 | Lair:4   | Found a staircase to the Swamp.
 19935 | Lair:4   | Noticed Josephine
 19949 | Lair:4   | Killed Josephine
 19949 | Lair:4   | Reached skill level 15 in Fighting
 20142 | Lair:4   | Received a gift from Okawaru
 20777 | Lair:5   | Reached skill level 16 in Shields
 20981 | Lair:5   | Found a staircase to the Slime Pits.
 20982 | Lair:5   | Found a viscous altar of Jiyva.
 21759 | Lair:6   | Entered Level 6 of the Lair of Beasts
 22243 | Lair:6   | Reached XP level 16. HP: 119/149 MP: 16/16
 22257 | Lair:6   | Reached skill level 17 in Shields
 22310 | Lair:6   | Received a gift from Okawaru
 23337 | Swamp:1  | Entered Level 1 of the Swamp
 24619 | Swamp:2  | Received a gift from Okawaru
 24619 | Swamp:2  | Reached skill level 10 in Dodging
 24913 | Swamp:3  | Reached skill level 18 in Shields
 25498 | Swamp:4  | Entered Level 4 of the Swamp
 26269 | Swamp:4  | Reached XP level 17. HP: 159/159 MP: 17/17
 26346 | Swamp:4  | Noticed a tentacled monstrosity
 26361 | Swamp:4  | Killed a tentacled monstrosity
 26361 | Swamp:4  | Received a gift from Okawaru
 26486 | Swamp:4  | Noticed a tentacled monstrosity
 26937 | Swamp:4  | Killed a tentacled monstrosity
 26937 | Swamp:4  | Reached skill level 19 in Shields
 27104 | Swamp:4  | Got a decaying rune of Zot
 27362 | Spider:1 | Entered Level 1 of the Spider Nest
 27869 | Spider:1 | Received a gift from Okawaru
 28478 | Spider:2 | Noticed Arachne
 28495 | Spider:1 | Killed Arachne
 28583 | Spider:2 | Reached skill level 20 in Shields
 28786 | Spider:2 | Noticed Donald
 28797 | Spider:2 | HP: 6/161 [Donald/broad axe of flaming (12)]
 28797 | Spider:2 | HP: 2/161 [Donald/broad axe of flaming (4)]
 28799 | Spider:2 | Succumbed to a wolf spider's poison

Skill      XL: |  1  2  3  4  5  6  7  8  9 10 11 12 13 14 15 16 17 |
---------------+----------------------------------------------------+-----
Shields        | 4 5 6 7 9 10 12 13 14 16 18 20 | 20.1
Long Blades    | 3 4 5 6 8 10 12 13 15 16 17 18 19 | 19.7
Armour         | 4 5 6 7 8 10 11 12 13 14 | 14.1
Fighting       | 4 5 6 7 9 10 11 12 14 15 16 17 | 17.3
Dodging        | 1 2 3 4 6 7 8 9 10 | 10.4
Stealth        | 1 2 |  2.9
Evocations     | 1 |  1.5
Invocations    | |  0.6

Action                   |  1- 3 |  4- 6 |  7- 9 | 10-12 | 13-15 | 16-18 || total
-------------------------+-------+-------+-------+-------+-------+-------++-------
Melee: Long sword        |    91 |   105 |    76 |       |       |       ||   272
       Headbutt          |    15 |    26 |    52 |   128 |   383 |   322 ||   926
       Demon blade       |       |       |   190 |   438 |  1275 |   908 ||  2811
Invok: Heroism           |       |       |       |     2 |     2 |       ||     4
 Abil: Evoke Berserk Rag |       |       |       |     1 |     1 |       ||     2
  Use: Scroll            |       |     6 |     4 |    14 |     3 |     4 ||    31
       Potion            |       |       |       |       |     4 |       ||     4
  Eat: Chunk             |       |     6 |    10 |    19 |    36 |    20 ||    91
       Fruit             |       |       |       |       |       |     2 ||     2
Armor: Scale mail        |    46 |    40 |    61 |    87 |   120 |       ||   354
       Skin              |       |       |     1 |       |       |       ||     1
       Chain mail        |       |       |       |       |   189 |   358 ||   547
Dodge: Dodged            |    26 |    35 |    64 |   162 |   466 |   361 ||  1114
Block: Shield            |    40 |    67 |   115 |   238 |   601 |       ||  1061
       Large shield      |       |       |       |       |   281 |  1161 ||  1442
       Rpst.: Long sword |    14 |    10 |     5 |       |       |       ||    29
       Demon blade       |       |       |    12 |    29 |    95 |    55 ||   191
